 Dungeon Crawl Stone Soup version 0.21-a0-584-g185da8e (webtiles) character file.

864 sithsevirus the Slinger (level 8, 0/49 HPs)
             Began as a Halfling Hunter on Dec 21, 2017.
             Slain by a bullfrog zombie (3 damage)
             ... on level 5 of the Dungeon.
             The game lasted 00:21:16 (4627 turns).

sithsevirus the Slinger (Halfling Hunter)           Turns: 4627, Time: 00:21:18

Health: 0/49       AC: 11    Str: 13    XL:     8   Next: 23%
Magic:  8/8        EV: 13    Int: 10    God:
Gold:   196        SH: 12    Dex: 16    Spells: 7/7 levels left

rFire    . . .     SeeInvis .   b - +1 hunting sling
rCold    . . .     Gourm    .   i - +3 shield {AC+3}
rNeg     . . .     Faith    .   v - +0 ring mail
rPois    .         Spirit   .   (no helmet)
rElec    .         Reflect  .   (no cloak)
rCorr    .         Harm     .   (no gloves)
MR       .....                  (no boots)
Stlth    ++........             (no amulet)
HPRegen  0.16/turn              l - +3 ring of protection
MPRegen  0.11/turn              (no ring)

@: no status effects
A: small, mutation resistance 1
a: no special abilities


You were on level 5 of the Dungeon.
You were hungry.

You visited 1 branch of the dungeon, and saw 5 of its levels.

You collected 196 gold pieces.

Inventory:

Hand Weapons
 a - a +0 short sword of venom
 b - a +1 hunting sling (weapon)
 k - a +0 short sword
 m - a +0 dagger
Missiles
 d - 2 sling bullets (quivered)
 g - 105 stones
 n - 48 poisoned needles
Armour
 i - a +3 shield of protection (worn)
 v - a +0 ring mail (worn)
Jewellery
 l - a +3 ring of protection (left hand)
Wands
 s - a wand of paralysis (8)
Scrolls
 c - 2 scrolls of teleportation
 e - a scroll of remove curse
 r - 5 scrolls of identify
Potions
 h - 2 potions of curing
 o - a potion of agility {unknown}
 q - a potion of magic {unknown}
 t - a potion of heal wounds {unknown}
 w - a potion of cancellation {unknown}
 z - a potion of degeneration {unknown}
Books
 p - a book of Minor Magic

   Spells                             Type                      Level
   a - Magic Dart                     Conjuration                  1
   b - Blink                          Translocation                2
   c - Call Imp                       Summoning                    2
   d - Slow                           Hexes                        2
   e - Conjure Flame                  Conjuration/Fire             3
   f - Mephitic Cloud                 Conjuration/Poison/Air       3
Comestibles
 f - 4 rations
 j - a chunk of flesh


   Skills:
 - Level 1.7 Fighting
 + Level 4.4 Short Blades
 + Level 8.1 Slings
 + Level 4.7 Dodging
 + Level 4.6 Stealth
 + Level 4.0 Shields


You had 7 spell levels left.
You didn't know any spells.

Dungeon Overview and Level Annotations

Branches:
Dungeon (5/15)
 Temple: D:4-7

Altars:
Cheibriados
Vehumet

Annotations:
D:5 Grinder


Innate Abilities, Weirdness & Mutations

You are small and have problems with some larger weapons.
You are somewhat resistant to further mutation.


Message History

The bullfrog hits you but does no damage.
Firing (i - inventory. (,) - cycle):
d - 4 sling bullets (quivered)
Press: ? - help, Shift-Dir - straight line, f/p - Grinder
Aim: Grinder (severely wounded)
You shoot a sling bullet. The sling bullet hits Grinder.
Grinder is severely wounded.
You block the bullfrog zombie's attack. The bullfrog barely misses you.
Grinder gestures at you.
You struggle to resist.
Firing (i - inventory. (,) - cycle):
d - 3 sling bullets (quivered)
Press: ? - help, Shift-Dir - straight line, f/p - Grinder
Aim: Grinder (severely wounded)
You shoot a sling bullet.
The sling bullet hits Grinder but does no damage.
Grinder is severely wounded.
You block the bullfrog's attack. You block the bullfrog zombie's attack.
You block Grinder's attack. The bullfrog hits you.
* * * LOW HITPOINT WARNING * * *
The bullfrog zombie hits you.
You die...

...≈≈≈≈≈.........#
##.#≈≈≈..........#
##_##.....#####
####..)..# ##.....(##
##.......# ###....##..##
#..Z...#....#
####5@#........#
#.((F##.#....#.#
#.(#..#..##.......
(......#.............
##....(#.(...$........
..(..................#.
...........>.....!.....
.........#....(..(......
#....###.......>.


You could see Grinder, a bullfrog and a bullfrog zombie.

Vanquished Creatures
  A water moccasin (D:5)
  The ghost of sithsevirus the Sneak, an amateur SpEn (D:4)
  An ice beast (D:4)
  An ogre (D:5)
  A howler monkey (D:4)
  2 orc priests (D:5)
  2 hounds
  3 worker ants
  An iguana (D:5)
  2 orc wizards (D:5)
  6 gnolls
  2 adders (D:3)
  An ooze (D:1)
  An adder skeleton (D:5)
  3 worms
  3 dart slugs
  3 leopard geckos
  7 orcs
  11 bats
  4 giant cockroaches
  8 goblins
  7 hobgoblins
  11 jackals
  6 kobolds
  2 quokkas (D:4)
  2 ball pythons (D:2)
  3 frilled lizards
  8 rats
  4 plants (D:1)
107 creatures vanquished.

Notes
Turn   | Place    | Note
-------+----------+-------------------------------------------
     0 | D:1      | sithsevirus the Halfling Hunter began the quest for the Orb.
     0 | D:1      | Reached XP level 1. HP: 14/14 MP: 1/1
   254 | D:1      | Reached XP level 2. HP: 19/19 MP: 2/2
   283 | D:1      | Reached skill level 6 in Slings
   355 | D:1      | Reached skill level 1 in Short Blades
   425 | D:1      | Reached XP level 3. HP: 24/24 MP: 3/3
   488 | D:1      | Reached skill level 1 in Shields
  1157 | D:2      | Found a radiant altar of Vehumet.
  1558 | D:2      | Reached XP level 4. HP: 29/29 MP: 4/4
  2341 | D:2      | Reached XP level 5. HP: 26/34 MP: 5/5
  3323 | D:4      | Reached XP level 6. HP: 39/39 MP: 6/6
  3515 | D:4      | Reached skill level 7 in Slings
  3648 | D:4      | Noticed sithsevirus's ghost (amateur SpEn)
  3673 | D:4      | Killed sithsevirus's ghost
  3673 | D:4      | Reached XP level 7. HP: 42/44 MP: 7/7
  4090 | D:5      | Entered Level 5 of the Dungeon
  4090 | D:5      | Found a snail-covered altar of Cheibriados.
  4471 | D:5      | Reached XP level 8. HP: 39/49 MP: 8/8
  4597 | D:5      | Noticed Grinder
  4597 | D:5      | Reached skill level 8 in Slings
  4614 | D:5      | Paralysed by Grinder for 6 turns
  4627 | D:5      | Slain by a bullfrog zombie

Vault maps used:
D:1:      dpeg_arrival_water_temple_mockup, wad_woods_river_04
D:2:      vehumet_crystals
D:3:      kennysheep_boxes
D:4:      first_ration
D:5:      kennysheep_mini_moat, kennysheep_slug_shrine,
          minmay_temple_entry_purple_smoke, nicolae_ossuary_entry_ruins,
          serial_shops, nicolae_shop_crystal, uniq_grinder

Skill      XL: |  1  2  3  4  5  6  7  8 |
---------------+-------------------------+-----
Slings         | 6 7 8 |  8.1
Short Blades   | 1 2 3 4 |  4.4
Shields        | 1 2 3 4 |  4.0
Stealth        | 2 3 4 |  4.6
Dodging        | 3 4 |  4.7
Fighting       | |  1.7

Action                   |  1- 3 |  4- 6 |  7- 9 || total
-------------------------+-------+-------+-------++-------
Melee: Short sword       |   111 |       |     7 ||   118
       Hunting sling     |       |       |     1 ||     1
 Fire: Hunting sling     |   102 |   242 |   107 ||   451
  Use: Scroll            |       |       |     8 ||     8
  Eat: Ration            |     1 |     1 |       ||     2
       Chunk             |       |     2 |     2 ||     4
Armor: Leather armour    |     8 |       |       ||     8
       Ring mail         |     2 |    34 |    29 ||    65
Dodge: Dodged            |    11 |    54 |    26 ||    91
Block: Shield            |    18 |    67 |    31 ||   116

Table legend:
 A = Spawn XP
 B = Non-spawn XP
 C = Spawn XP percentage of total XP
 D = Spawn monster count
 E = Non-spawn monster count
 F = Spawn count percentage of total count
 G = Total turns spent on level
                    A         B        C        D         E        F      G
               +---------+---------+-------+---------+---------+-------+---------
         Total |       0 |    1235 |   0.0 |       0 |     103 |   0.0 |  4627
               +---------+---------+-------+---------+---------+-------+---------
           D:1 |       0 |      51 |   0.0 |       0 |      25 |   0.0 |  1117
           D:2 |       0 |     117 |   0.0 |       0 |      25 |   0.0 |  1345
           D:3 |       0 |      52 |   0.0 |       0 |      16 |   0.0 |   658
           D:4 |       0 |     491 |   0.0 |       0 |      22 |   0.0 |  1119
           D:5 |       0 |     524 |   0.0 |       0 |      15 |   0.0 |   388
               +---------+---------+-------+---------+---------+-------+---------
